 Dungeon Crawl Stone Soup version 0.31.0-12-g77e489cdc1 (webtiles) character file.

Game seed: 17206375457896013918

17623 Anriel the Covert (level 12, -3/86 HPs)
             Began as a Human Brigand on Feb 20, 2024.
             Was a Priest of Dithmenos.
             Killed from afar by Azrael (38 damage)
             ... with a fireball
             ... on level 12 of the Dungeon.
             The game lasted 01:20:45 (11195 turns).

Anriel the Covert (Human Brigand)                  Turns: 11195, Time: 01:20:45

Health: -3/86      AC: 10    Str: 11    XL:     12   Next: 50%
Magic:  16/16      EV: 21    Int: 14    God:    Dithmenos [***...]
Gold:   702        SH:  5    Dex: 24    Spells: 5/17 levels left

rFire   . . .        a - +2 dagger (elec)
rCold   . . .        (no shield)
rNeg    . . .        b - +2 robe
rPois   .            w - +0 helmet
rElec   .            c - +2 cloak
rCorr   .            (no gloves)
SInv    .            A - +0 pair of boots
Will    .....        l - amulet of reflection
Stlth   ++++         y - +5 ring of evasion
HPRegen 0.34/turn    g - +6 ring of dexterity
MPRegen 0.15/turn

%: reflection
@: wreathed by umbra, very slow
A: explore regen
a: Renounce Religion, Shadow Step


You were on level 12 of the Dungeon.
You worshipped Dithmenos.
Dithmenos was most pleased with you.
You visited 2 branches of the dungeon, and saw 13 of its levels.
You also visited: Sewer.

You collected 702 gold pieces.

Inventory:

Hand Weapons
 a - a +2 dagger of electrocution (weapon)
 j - a +3 dagger
 q - the +3 hammer "Fooblell" {protect, rF++}
   (You found it on level 3 of the Dungeon)

   rF++:      It greatly protects you from fire.
 E - a +2 short sword of electrocution
 F - a +0 rapier
Missiles
 d - 22 poisoned darts (quivered)
 e - 7 curare-tipped darts
 k - 3 atropa-tipped darts
 v - 2 throwing nets
Armour
 b - a +2 robe (worn)
 c - a +2 cloak (worn)
 i - +0 steam dragon scales
 w - a +0 helmet (worn)
 A - a +0 pair of boots (worn)
 C - a +0 troll leather armour
 O - a +0 buckler
Jewellery
 f - the ring "Talynoh" {Fly rC+ Dex-5 SInv}
   (You found it on level 9 of the Dungeon)

   [ring of protection from cold]

   Dex-5:     It affects your dexterity (-5).
   rC+:       It protects you from cold.
   SInv:      It lets you see invisible.
   Fly:       It grants you flight.
 g - a +6 ring of dexterity (right hand)
 l - an amulet of reflection (around neck)
 r - a ring of ice
 y - a +5 ring of evasion (left hand)
 I - a ring of ice
 J - a +5 ring of evasion
 K - an amulet of the acrobat
Wands
 D - a wand of flame (22)
Scrolls
 n - a scroll of immolation
 u - a scroll of fog
 G - 2 scrolls of fear
 H - 2 scrolls of identify
 M - a scroll of amnesia
 N - a scroll of revelation
Potions
 h - 6 potions of curing
 m - a potion of haste
 o - 5 potions of might
 p - 3 potions of lignification
 s - 2 potions of cancellation
 t - a potion of enlightenment
 x - a potion of mutation
 z - a potion of ambrosia
 B - a potion of attraction
Miscellaneous
 L - a phial of floods (inert)


   Skills:
 - Level 5.0 Fighting
 - Level 10.0 Short Blades
 * Level 8.3 Throwing
 - Level 5.0 Armour
 - Level 5.0 Dodging
 + Level 12.5 Stealth
 + Level 3.1 Spellcasting
 - Level 5.0 Invocations
 - Level 5.0 Evocations


You had 5 spell levels left.
You knew the following spells:

 Your Spells              Type           Power      Damage    Failure   Level
a - Ensorcelled Hibernat  Hex/Ice        4%         N/A       32%         2
b - Passwall              Erth           2%         N/A       54%         3
c - Swiftness             Air            2%         N/A       54%         3
d - Manifold Assault      Tloc           2%         N/A       91%         4

Your spell library contained the following spells:

 Spells                   Type           Power      Damage    Failure   Level
 Shock                    Conj/Air       8%         1d3       22%         1
 Sting                    Conj/Alch      8%         1d3       22%         1
 Call Imp                 Summ           4%         N/A       32%         2
 Cigotuvi's Dreadful Rot  Necr/Alch/Air  4%         N/A       32%         2
 Sublimation of Blood     Necr           2%         N/A       32%         2
 Fugue of the Fallen      Necr           2%         N/A       54%         3
 Ozocubu's Armour         Ice            2%         N/A       54%         3
 Dispel Undead            Necr           2%         3d7       91%         4
 Martyr's Knell           Necr/Summ      2%         N/A       91%         4
 Summon Forest            Summ/Tloc      1%         N/A       99%         5
 Death Channel            Necr           1%         N/A       100%        6
 Eringya's Noxious Bog    Alch           1%         4d6       100%        6
 Summon Hydra             Summ           1%         N/A       100%        7


Dungeon Overview and Level Annotations

Branches:
Dungeon (12/15)            Temple (1/1) D:7            Lair (0/5) D:9
    Orc (0/2) D:9           Sewer (visited)

Altars:
Ashenzari
Cheibriados
Dithmenos
Elyvilon
Fedhas
Gozag
Hepliaklqana
Kikubaaqudgha
Makhleb
Nemelex Xobeh
Okawaru
Qazlal
Ru
Sif Muna
Trog
Uskayaw
Vehumet
Wu Jian
Xom
Yredelemnul
Zin
The Shining One

Shops:
D:1 =   D:3 :   D:4 [

Portals:
Abyss: D:12

Annotations:
D:9 exclusions: ice statue and obsidian statue
D:12 1 transporter, Azrael; ripuliukko's ghost, journeyman GrEE


Innate Abilities, Weirdness & Mutations

You regain HP and MP as you explore.


Message History

Azrael is momentarily hidden by a cloud of flames.
Azrael closely misses you.
You hit Azrael.
Azrael is moderately wounded.
You hit Azrael but do no damage.
Azrael is moderately wounded.
You block Azrael's attack.
Your unstable footing causes you to fumble your attack.
You hit Azrael but do no damage. Lightning courses through Azrael!!
Azrael is heavily wounded.
Azrael hits you with a +4 scimitar of flaming!
Azrael burns you.
You hit Azrael. Lightning courses through Azrael!!
Azrael is severely wounded.
The hell hound breathes flames at you.
The blast of flame hits the hell hound.
The hell hound completely resists.
The blast of flame hits the hell hound.
The hell hound completely resists.
The blast of flame hits Azrael.
Azrael completely resists.
The blast of flame hits you!
You hit Azrael. Lightning courses through Azrael!
Azrael is almost dead.
You are engulfed in a cloud of scalding steam.
Azrael gestures at you.
The fireball explodes!
The fireball engulfs you!
The fireball engulfs Azrael.
Azrael completely resists.
Your unstable footing causes you to fumble your attack.
You are engulfed in a cloud of scalding steam.
You hit Azrael but do no damage.
Azrael is almost dead.
You are engulfed in a cloud of scalding steam.
The hell hound is no longer waterlogged.
Azrael barely misses you.
You hit Azrael.
Azrael is almost dead.
You are engulfed in a cloud of scalding steam.
Your unstable footing causes you to fumble your attack.
Azrael is no longer waterlogged.
Azrael gestures at you.
The fireball explodes!
The fireball engulfs you!!!
You die...

# #
###########################
#.........................#
#.######################.##
#.# ####################.##
#.# .......~.............##
#.##.#####§~......#########
#.#..EhhhR@§§.....'........
#.#...E###§~§§....#########
#....○.# #~§...<..+
#......##.## #§.§.....#
##.###.# ##+#....... # #.#
#....#### #.# #..### #..
.... ##.


You could see Azrael and 2 hell hounds.

Vanquished Creatures
  A catoblepas (D:10)
  2 two-headed ogres
  A boulder beetle (D:11)
  5 death yaks (D:9)
  Pikel (D:5)
  2 cyclopes (D:9)
  Maurice (D:8)
  2 manticores
  A gargoyle (D:11)
  An unseen horror (D:12)
  A merfolk (D:11)
  3 trolls
  Prince Ribbit (D:7)
  A hornet (D:8)
  11 yaks
  A wyvern (D:9)
  A wraith (D:9)
  Grum (D:10)
  4 steam dragons
  A vampire mosquito (D:9)
  3 acid dragons (D:11)
  A water moccasin (D:8)
  A sky beast (D:8)
  An orc warrior (D:6)
  A black bear (D:7)
  6 ogres
  2 wolves (D:10)
  9 centaurs
  2 phantoms (D:5)
  3 lemures (D:5)
  3 kobold brigands
  8 bullfrogs
  2 gnoll sergeants
  8 wights (D:8)
  A scorpion (D:7)
  23 killer bees
  3 howler monkeys
  2 bombardier beetles
  A hound (D:6)
  A jelly (D:8)
  Crazy Yiuf (D:3)
  6 orc priests
  7 iguanas
  Terence (D:3)
  A sleepcap (D:6)
  10 orc wizards
  6 gnolls
  5 adders
  2 white imps
  2 ufetubi (D:6)
  15 dart slugs
  A ribbon worm (D:4)
  36 orcs
  An endoplasm (D:3)
  13 giant cockroaches
  4 goblins
  7 hobgoblins
  5 jackals
  6 quokkas
  7 ball pythons
  10 bats
  6 frilled lizards
  11 kobolds
  6 rats
292 creatures vanquished.

Notes
Turn   | Place    | Note
-------+----------+-------------------------------------------
     0 | D:1      | Anriel the Human Brigand began the quest for the Orb.
     0 | D:1      | Reached XP level 1. HP: 16/16 MP: 1/1
    47 | D:1      | Found a faded altar of an unknown god.
    70 | D:1      | Got Plato's Compendium of Composition
   140 | D:1      | Found Mutun's Jewellery Boutique.
   217 | D:1      | Reached XP level 2. HP: 22/22 MP: 2/2
   645 | D:1      | Reached XP level 3. HP: 27/27 MP: 3/3
  1563 | D:3      | Reached XP level 4. HP: 33/33 MP: 4/4
  1752 | D:3      | Found Nohuz's Book Emporium.
  1888 | D:3      | Found a shimmering blue altar of Sif Muna.
  1900 | D:3      | Reached XP level 5. HP: 18/38 MP: 5/5
  1982 | D:3      | Got Sif Muna's Tractate on Austromancy
  1985 | D:3      | Noticed Terence
  1987 | D:3      | Found a bloodstained altar of Trog.
  1997 | D:3      | Killed Terence
  2241 | D:3      | Identified the +3 hammer "Fooblell" {protect, rF++}
  2245 | D:3      | Found a runed translucent door.
  2246 | D:3      | Noticed Crazy Yiuf
  2254 | D:3      | Killed Crazy Yiuf
  2494 | D:4      | Found an iron altar of Okawaru.
  2517 | D:4      | Reached XP level 6. HP: 44/44 MP: 6/6
  2734 | D:4      | Found a glowing drain.
  2738 | Sewer    | Entered a sewer
  2968 | Sewer    | Reached XP level 7. HP: 35/50 MP: 7/7
  3404 | D:4      | Reached skill level 5 in Short Blades
  3404 | D:4      | Found Qyol's Antique Armour Shoppe.
  3840 | D:5      | Entered Level 5 of the Dungeon
  3935 | D:5      | Noticed Pikel
  3970 | D:4      | Reached skill level 5 in Dodging
  4573 | D:5      | Killed Pikel
  4574 | D:5      | Reached skill level 5 in Fighting
  4574 | D:5      | Reached skill level 5 in Throwing
  4574 | D:5      | Reached skill level 5 in Stealth
  4574 | D:5      | Reached XP level 8. HP: 25/62 MP: 8/8
  4645 | D:5      | Reached skill level 1 in Armour
  4891 | D:6      | Found a blossoming altar of Fedhas.
  4891 | D:6      | Found a burning altar of Makhleb.
  4891 | D:6      | Found a hide-covered altar of Uskayaw.
  4891 | D:6      | Found a radiant altar of Vehumet.
  4952 | D:6      | Reached skill level 6 in Stealth
  5019 | D:6      | Reached XP level 9. HP: 43/68 MP: 9/9
  5657 | D:6      | Reached skill level 7 in Stealth
  5789 | D:7      | Found a staircase to the Ecumenical Temple.
  5881 | Temple   | Entered the Ecumenical Temple
  5909 | Temple   | Became a worshipper of Dithmenos the Shadowed
  5970 | D:7      | Noticed Prince Ribbit
  5982 | D:7      | Killed Prince Ribbit
  6137 | D:7      | Reached skill level 8 in Stealth
  6227 | D:7      | Found an ancient bone altar of Kikubaaqudgha.
  6493 | D:7      | Found a shimmering altar of Xom.
  6752 | D:8      | Reached skill level 9 in Stealth
  6752 | D:8      | Reached XP level 10. HP: 70/74 MP: 10/10
  6822 | D:8      | Reached * piety under Dithmenos
  6844 | D:8      | Reached skill level 5 in Armour
  7010 | D:8      | Reached skill level 1 in Invocations
  7068 | D:8      | Noticed Maurice
  7144 | D:8      | Killed Maurice
  7145 | D:8      | Reached skill level 10 in Stealth
  7433 | D:9      | Noticed an ice statue
  7534 | D:9      | Found a staircase to the Orcish Mines.
  7627 | D:9      | Reached ** piety under Dithmenos
  7716 | D:9      | Reached skill level 5 in Invocations
  7763 | D:9      | Noticed a cyclops
  7774 | D:9      | Noticed a cyclops
  7775 | D:9      | Killed a cyclops
  7776 | D:9      | Reached skill level 1 in Evocations
  7776 | D:9      | Reached XP level 11. HP: 77/79 MP: 14/14
  7793 | D:9      | Killed a cyclops
  7849 | D:9      | Noticed an obsidian statue
  7984 | D:9      | HP: 1/79 [ice statue/bolt of cold (25)]
  8221 | D:9      | Found an ornate altar of the Wu Jian Council.
  8254 | D:9      | Found a staircase to the Lair.
  8254 | D:9      | Noticed a death yak
  8254 | D:9      | Noticed a death yak
  8320 | D:9      | Noticed a death yak
  8414 | D:9      | Identified the ring "Talynoh" {Fly rC+ Dex-5 SInv}
  8517 | D:9      | Noticed a death yak
  8519 | D:9      | Killed a death yak
  8520 | D:9      | Reached skill level 11 in Stealth
  8534 | D:9      | Noticed a death yak
  8549 | D:9      | Killed a death yak
  8769 | D:9      | Killed a death yak
  8807 | D:9      | Killed a death yak
  8852 | D:9      | Killed a death yak
  8853 | D:9      | Reached skill level 10 in Short Blades
  9118 | D:9      | Noticed a soul eater
  9136 | D:10     | Entered Level 10 of the Dungeon
  9136 | D:10     | Noticed Grum
  9136 | D:10     | Noticed a two-headed ogre
  9148 | D:9      | Killed a two-headed ogre
  9161 | D:10     | Noticed a catoblepas
  9168 | D:10     | Killed a catoblepas
  9386 | D:10     | Noticed a two-headed ogre
  9404 | D:10     | Noticed a manticore
  9410 | D:10     | Killed a two-headed ogre
  9411 | D:10     | Reached skill level 5 in Evocations
  9428 | D:10     | Killed a manticore
  9429 | D:10     | Reached XP level 12. HP: 86/86 MP: 15/15
  9506 | D:10     | Reached skill level 12 in Stealth
  9511 | D:10     | Reached skill level 1 in Spellcasting
  9574 | D:10     | Killed Grum
  9829 | D:10     | Learned a level 2 spell: Ensorcelled Hibernation
  9833 | D:10     | Learned a level 3 spell: Passwall
  9837 | D:10     | Learned a level 3 spell: Swiftness
  9842 | D:10     | Learned a level 4 spell: Manifold Assault
  9909 | D:11     | Noticed a boulder beetle
  9911 | D:11     | Killed a boulder beetle
 10820 | D:12     | Found a one-way gate to the infinite horrors of the Abyss.
 10820 | D:12     | Noticed ripuliukko's ghost (journeyman GrEE)
 10836 | D:12     | Found a transporter.
 10838 | D:12     | Noticed a sun demon
 11025 | D:12     | Reached *** piety under Dithmenos
 11138 | D:12     | Noticed Azrael
 11195 | D:12     | Killed from afar by Azrael

Illustrated notes

Levels and vault maps discovered:
D:1:      matt_arrival_grand_opening, layout_loops_cross, serial_shops,
          nicolae_shop_stone, shapermc_ecumenical_altar_rom_forum
D:2:      layout_basic, minmay_hexomino_f4
D:3:      layout_loops_corners, nzn_overflow_gifts_of_might_and_magic,
          serial_shops, nicolae_square_shop, st_stairs_10,
          kennysheep_pointless_box, uniq_crazy_yiuf_cottage
D:4:      layout_loops_cross, okawaru_gym_becter, gup_sewer_entry_spiral,
          kennysheep_donut, st_stairs_5, nicolae_stop_n_shop_1,
          hangedman_glass_garden
D:5:      layout_basic, uniq_pikel
D:6:      layout_basic, chequers_temple_overflow_statue_of_worship
D:7:      layout_loops_cross, brannock_xom_greatest_gift,
          kiku_gazebo_garden_becter, minmay_temple_entry_arrows,
          uniq_prince_ribbit1
D:8:      layout_loops_ring, minmay_small_thing, uniq_maurice
D:9:      minmay_separated_statues, layout_loops_ring, lemuel_crystal_altar,
          dpeg_lair_monsters, kennysheep_orc_monster_closet_entryway,
          nicolae_benzene_ring, grunt_ministairs_2, minmay_radiant
D:10:     layout_cave_pools, uniq_grum
D:11:     layout_gridville, hangedman_fish_farm
D:12:     old_forge, layout_basic, gammafunk_ghost_abyssal_escape, uniq_azrael
Temple:   nicolae_temple_hex_pool

Skill      XL: |  1  2  3  4  5  6  7  8  9 10 11 12 |
---------------+-------------------------------------+-----
Dodging        | 2 3 4 5 |  5.0
Short Blades   | 3 4 5 6 8 10 | 10.0
Throwing       | 3 5 6 8 |  8.3
Fighting       | 5 |  5.0
Stealth        | 5 6 9 10 11 12 | 12.5
Armour         | 2 4 5 |  5.0
Invocations    | 5 |  5.0
Evocations     | 1 5 |  5.0
Spellcasting   | 3 |  3.1

Action                     |  1- 3 |  4- 6 |  7- 9 | 10-12 || total
---------------------------+-------+-------+-------+-------++-------
  Melee: Dagger            |    15 |       |   328 |   460 ||   803
         Short sword       |    75 |   141 |    29 |       ||   245
         Punch             |       |     2 |     3 |    11 ||    16
  Throw: Dart              |    25 |    38 |    46 |    84 ||   193
         Throwing net      |       |       |       |     2 ||     2
   Cast: Ensorcelled Hiber |       |       |       |     3 ||     3
 Invoke: Shadow Step       |       |       |       |     2 ||     2
  Evoke: Wand              |       |       |       |     4 ||     4
         Phial of floods   |       |       |       |     1 ||     1
    Use: Scroll            |     8 |     2 |    12 |    10 ||    32
         Potion            |       |       |     1 |     3 ||     4
   Stab: Sleeping          |     4 |     3 |    13 |    41 ||    61
         Distracted        |       |       |     2 |     1 ||     3
         Invisible         |       |       |     1 |     9 ||    10
         Held in net/web   |       |       |       |     2 ||     2
 Armour: Robe              |    32 |    54 |   139 |   140 ||   365
  Dodge: Dodged            |    44 |    64 |   167 |   309 ||   584
  Block: Other             |     9 |    17 |    46 |    80 ||   152
         Reflection        |     1 |     5 |     6 |     1 ||    13
